 Dungeon Crawl Stone Soup version 0.26-a0-23-g3ae7099 (webtiles) character file.

Game seed: 10782058142206297195, levelgen mode: deterministic

90 thirtiethelement the Skirmisher (level 4, -14/41 HPs)
             Began as a Gnoll Abyssal Knight on May 26, 2020.
             Was a Follower of Lugonu.
             Demolished by a large abomination (35 damage)
             ... on level 3 of the Abyss.
             The game lasted 00:01:54 (237 turns).

thirtiethelement the Skirmisher (GnAK)               Turns: 237, Time: 00:01:55

Health: -14/41     AC:  3    Str: 16    XL:     4   Next: 56%
Magic:  7/7        EV: 12    Int: 14    God:    Lugonu [*.....]
Gold:   52         SH:  0    Dex: 14    Spells: 5/5 levels left

rFire    . . .     SeeInvis .   a - +1 hand axe
rCold    . . .     Gourm    .   (no shield)
rNeg     . . .     Faith    .   b - +0 leather armour
rPois    .         Spirit   .   (no helmet)
rElec    .         Reflect  .   (no cloak)
rCorr    .         Harm     .   (no gloves)
MR       .....                  (no boots)
Stlth    +.........             (no amulet)
HPRegen  0.13/turn              (no ring)
MPRegen  0.10/turn              (no ring)

@: no status effects
A: distributed training, fangs 1, strong nose
a: Depart the Abyss, Renounce Religion


You were on level 3 of the Abyss.
You worshipped Lugonu.
Lugonu was aware of your devotion.
You were not hungry.

You visited 0 branches of the dungeon, and saw 0 of its levels.
You visited the Abyss 1 time.

You collected 52 gold pieces.

Inventory:

Hand Weapons
 a - a +1 hand axe (weapon)
Armour
 b - a +0 leather armour (worn)
Jewellery
 e - an uncursed ring of resist corrosion {unknown}
Scrolls
 f - a scroll of enchant armour {unknown}
Potions
 d - a potion of curing
Miscellaneous
 g - a tin of tremorstones (3/3)
Comestibles
 c - 2 rations


   Skills:
 + Level 6.6 Fighting
 + Level 1.1 Short Blades
 + Level 1.1 Long Blades
 + Level 4.6 Axes
 + Level 1.1 Maces & Flails
 + Level 1.1 Polearms
 + Level 1.1 Staves
 + Level 1.1 Slings
 + Level 1.1 Bows
 + Level 1.1 Crossbows
 + Level 1.1 Throwing
 + Level 4.6 Armour
 + Level 2.7 Dodging
 + Level 1.1 Stealth
 + Level 1.1 Shields
 + Level 1.1 Unarmed Combat
 + Level 1.1 Spellcasting
 + Level 0.9 Conjurations
 + Level 0.9 Hexes
 + Level 0.9 Charms
 + Level 0.9 Summonings
 + Level 0.9 Necromancy
 + Level 0.9 Translocations
 + Level 0.9 Transmutations
 + Level 0.9 Fire Magic
 + Level 0.9 Ice Magic
 + Level 0.9 Air Magic
 + Level 0.9 Earth Magic
 + Level 0.9 Poison Magic
 + Level 4.7 Invocations
 + Level 1.1 Evocations


You had 5 spell levels left.
You didn't know any spells.
Your spell library contained the following spells:

 Spells                   Type           Power        Failure   Level  Hunger
 Ice Form                 Ice/Tmut       #.......     91%         4    #####..
 Metabolic Englaciation   Hex/Ice        #.........   99%         5    ######.
 Freezing Cloud           Conj/Ice/Air   #.........   100%        6    #######
 Ozocubu's Refrigeration  Ice            #.........   100%        6    #######
 Simulacrum               Ice/Necr       #.........   100%        6    #######


Dungeon Overview and Level Annotations

Branches:
Dungeon (0/15)

Altars:


Innate Abilities, Weirdness & Mutations

Your experience applies equally to all skills.
You have very sharp teeth.
Your uncanny sense of smell can sniff out nearby items.


Message History

You now have 52 gold pieces (gained 25).
A wraith comes into view.
Found two portals.
There is a gateway leading deeper into the Abyss here.
You plunge deeper into the Abyss.
The abyssal rune of Zot can be found at this depth.
Found a scale mail and 10 gold pieces.
Found a papyrus book.
Found a black potion and 17 gold pieces.
A large abomination comes into view.
Found an executioner's axe.
You see here a black potion.
Found a golden potion.
The large abomination hits you!
You see here a book of Ice.
You pick up a book of Ice and begin reading...
You add the spells Ice Form, Metabolic Englaciation, Ozocubu's Refrigeration, Freezing Cloud and Simulacrum to your library.
The large abomination hits you!!
Ouch! That really hurt!
You die...

.#.#.. .... .# ..
.... ...#.#.#.. ...
∆#.....!#.. #
...#####.##.....
#[.......#..#...#..
...$.##.###...#....
.# #.##..!.#..#
##.#
#......#...#....#
...#..##$.X@....#
####.. ######..##
##∩ #..# # ## ∆


You could see a large abomination.

Vanquished Creatures
  An eye of draining (Abyss:1)
1 creature vanquished.

Notes
Turn   | Place    | Note
-------+----------+-------------------------------------------
     0 | Abyss:1  | thirtiethelement the Gnoll Abyssal Knight began the quest
                  | for the Orb.
     0 | Abyss:1  | Reached XP level 1. HP: 23/23 MP: 3/3
    59 | Abyss:1  | Noticed an anaconda zombie
    79 | Abyss:1  | Noticed an eye of draining
    98 | Abyss:1  | Killed an eye of draining
    98 | Abyss:1  | Reached skill level 1 in Short Blades
    98 | Abyss:1  | Reached skill level 1 in Long Blades
    98 | Abyss:1  | Reached skill level 1 in Maces & Flails
    98 | Abyss:1  | Reached skill level 1 in Polearms
    98 | Abyss:1  | Reached skill level 1 in Staves
    98 | Abyss:1  | Reached skill level 1 in Slings
    98 | Abyss:1  | Reached skill level 1 in Bows
    98 | Abyss:1  | Reached skill level 1 in Crossbows
    98 | Abyss:1  | Reached skill level 1 in Throwing
    98 | Abyss:1  | Reached skill level 1 in Stealth
    98 | Abyss:1  | Reached skill level 1 in Shields
    98 | Abyss:1  | Reached skill level 1 in Unarmed Combat
    98 | Abyss:1  | Reached skill level 1 in Spellcasting
    98 | Abyss:1  | Reached skill level 1 in Evocations
    98 | Abyss:1  | Reached XP level 2. HP: 29/29 MP: 0/5
    98 | Abyss:1  | Reached XP level 3. HP: 35/35 MP: 0/6
    98 | Abyss:1  | Reached XP level 4. HP: 41/41 MP: 0/7
   144 | Abyss:1  | Noticed a tentacled monstrosity
   155 | Abyss:1  | Noticed a small abomination
   222 | Abyss:2  | Noticed a wraith
   231 | Abyss:3  | Noticed a large abomination
   237 | Abyss:3  | Demolished by a large abomination

Illustrated notes

Levels and vault maps discovered:
Abyss:3:  hangedman_abyss_rune_macabre_mess

Skill      XL: |  1 |
---------------+----+-----
Short Blades   | 1 |  1.1
Long Blades    | 1 |  1.1
Maces & Flails | 1 |  1.1
Polearms       | 1 |  1.1
Staves         | 1 |  1.1
Slings         | 1 |  1.1
Bows           | 1 |  1.1
Crossbows      | 1 |  1.1
Throwing       | 1 |  1.1
Stealth        | 1 |  1.1
Shields        | 1 |  1.1
Unarmed Combat | 1 |  1.1
Spellcasting   | 1 |  1.1
Evocations     | 1 |  1.1
Fighting       | |  6.6
Axes           | |  4.6
Armour         | |  4.6
Dodging        | |  2.7
Conjurations   | |  0.9
Hexes          | |  0.9
Charms         | |  0.9
Summonings     | |  0.9
Necromancy     | |  0.9
Translocations | |  0.9
Transmutations | |  0.9
Fire Magic     | |  0.9
Ice Magic      | |  0.9
Air Magic      | |  0.9
Earth Magic    | |  0.9
Poison Magic   | |  0.9
Invocations    | |  4.7

Action                   |  1- 3 |  4- 6 || total
-------------------------+-------+-------++-------
Melee: Hand axe          |    13 |       ||    13
       Bite              |     2 |       ||     2
  Use: Scroll            |       |     2 ||     2
Armor: Leather armour    |       |     1 ||     1
Dodge: Dodged            |       |     1 ||     1

Table legend:
 A = Non-vault XP
 B = Vault XP
 C = Vault XP percentage of total XP
 D = Non-vault monster count
 E = Vault monster count
 F = Vault count percentage of total count
                 A         B        C        D         E       F
            +---------+---------+-------+---------+---------+-------
      Total |     129 |       0 |   0.0 |       1 |       0 |   0.0
            +---------+---------+-------+---------+---------+-------
    Abyss:1 |     129 |       0 |   0.0 |       1 |       0 |   0.0
            +---------+---------+-------+---------+---------+-------
